 Dungeon Crawl Stone Soup version 0.29.1-1-gd02db6906a (webtiles) character file.

Game seed: 6401087467680457862

288 fireball365 the Chopper (level 6, -1/52 HPs)
             Began as a Minotaur Fighter on Oct 10, 2022.
             Was a High Priest of Ignis.
             Frozen to death by an endoplasm (4 damage)
             ... on level 3 of the Dungeon.
             The game lasted 00:08:22 (2236 turns).

fireball365 the Chopper (Minotaur Fighter)          Turns: 2236, Time: 00:08:23

Health: -1/52      AC: 12    Str: 20    XL:     6   Next: 9%
Magic:  5/5        EV:  6    Int:  5    God:    Ignis [*****.]
Gold:   44         SH:  5    Dex: 12    Spells: 5/5 levels left

rFire   + + .      SeeInvis .   a - +0 war axe
rCold   . . .      Faith    .   c - +0 buckler
rNeg    . . .      Spirit   .   h - +0 plate armour
rPois   .          Reflect  .   (helmet restricted)
rElec   .          Harm     .   (no cloak)
rCorr   .          Rampage  .   (no gloves)
Will    .....                   (no boots)
Stlth   ..........              (no amulet)
HPRegen 0.17/turn               g - ring of protection from fire
MPRegen 0.09/turn               (no ring)

@: mighty
A: horns 2, retaliatory headbutt
a: Renounce Religion, Fiery Armour, Foxfire Swarm, Rising Flame


You were on level 3 of the Dungeon.
You worshipped Ignis.
Ignis was extremely pleased with you.
You visited 1 branch of the dungeon, and saw 3 of its levels.

You collected 44 gold pieces.

Inventory:

Hand Weapons
 a - a +0 war axe (weapon)
 e - a +1 dagger of venom
 s - a +0 falchion
Missiles
 k - 10 stones (quivered)
 l - 6 poisoned darts
 t - a boomerang
Armour
 b - a +0 scale mail
 c - a +0 buckler (worn)
 h - a +0 plate armour (worn)
Jewellery
 g - a ring of protection from fire (left hand)
Scrolls
 f - a scroll of teleportation {unknown}
 j - a scroll of poison {unknown}
 m - a scroll of immolation {unknown}
 o - a scroll of enchant armour {unknown}
 r - a scroll of silence {unknown}
 u - a scroll of enchant weapon {unknown}
Potions
 d - a potion of might
 i - a potion of curing {unknown}
 n - 2 potions of brilliance {unknown}
 p - 2 potions of attraction {unknown}
 q - 2 potions of degeneration {unknown}


   Skills:
 - Level 4.0 Fighting
 * Level 6.3 Axes
 + Level 4.8 Armour
 + Level 0.8 Dodging
 + Level 4.2 Shields


You had 5 spell levels left.
You didn't know any spells.
Your spell library contained the following spells:

 Spells                   Type           Power      Damage    Failure   Level
 Apportation              Tloc           0%         N/A       100%        1
 Necrotise                Necr           0%         1d4       100%        1
 Summon Small Mammal      Summ           0%         N/A       100%        1


Dungeon Overview and Level Annotations

Branches:
Dungeon (3/15)

Altars:
Ignis


Innate Abilities, Weirdness & Mutations

You have a pair of horns on your head.
You reflexively headbutt those who attack you in melee.


Message History

Grinder blinks!
You feel very mighty all of a sudden. Grinder hits you but does no damage.
You barely miss Grinder.
Grinder is severely wounded.
Grinder says, "Mostly I couldn't keep them alive."
Grinder blinks!
Grinder blinks!
You hit Grinder. You headbutt Grinder!
You kill Grinder!
Your Axes skill gained 2 levels and is now at level 6!
You have reached level 5!
You have reached level 6!
p - 2 dark potions (gained 1)
An endoplasm comes into view.
The endoplasm quivers.
The endoplasm hits you but does no damage.
The endoplasm hits you but does no damage.
The endoplasm freezes you.
You are frozen.
* * * LOW HITPOINT WARNING * * *
You block the endoplasm's attack. The endoplasm barely misses you.
The endoplasm freezes you.
You are frozen.
* * * LOW HITPOINT WARNING * * *
You block the endoplasm's attack. The endoplasm freezes you.
You are frozen.
* * * LOW HITPOINT WARNING * * *
The endoplasm barely misses you.
The endoplasm hits you but does no damage.
The endoplasm barely misses you. You furiously retaliate!
You headbutt the endoplasm. The endoplasm freezes you.
You are frozen.
* * * LOW HITPOINT WARNING * * *
The endoplasm freezes you.
You are frozen.
You die...

#.# #.# #?# #.#
+#.#+ #####.#
###...#####.#...#
...⌠.........###
#)).#####...# #.#
##..# #J# #..# #.
#@# #..# #.≈### #.#
#..# #...# ##.##
##..#
#..#####...#####...#
#.>..............#
##################


You could see an endoplasm.

Vanquished Creatures
  Grinder (D:3)
  3 gnolls (D:3)
  A worm (D:2)
  2 dart slugs (D:1)
  4 orcs (D:3)
  7 endoplasms
  2 giant cockroaches (D:1)
  2 goblins (D:1)
  3 hobgoblins
  2 quokkas (D:1)
  6 ball pythons
  5 bats
  4 frilled lizards
  7 kobolds
  6 rats
55 creatures vanquished.

Notes
Turn   | Place    | Note
-------+----------+-------------------------------------------
     0 | D:1      | fireball365 the Minotaur Fighter began the quest for the
                  | Orb.
     0 | D:1      | Reached XP level 1. HP: 19/19 MP: 0/0
   360 | D:1      | Reached XP level 2. HP: 22/27 MP: 1/1
   446 | D:1      | Found a faded altar of an unknown god.
   459 | D:1      | Reached XP level 3. HP: 21/33 MP: 2/2
   487 | D:1      | Prayed at the altar of an unknown god.
   487 | D:1      | Became a worshipper of Ignis, the Dying Flame
   621 | D:1      | Reached skill level 3 in Axes
  2173 | D:3      | Noticed Grinder
  2178 | D:3      | Reached skill level 4 in Axes
  2178 | D:3      | Reached XP level 4. HP: 28/40 MP: 3/3
  2194 | D:3      | Paralysed by Grinder for 5 turns
  2210 | D:3      | Killed Grinder
  2211 | D:3      | Reached skill level 6 in Axes
  2211 | D:3      | Reached XP level 5. HP: 12/46 MP: 4/4
  2211 | D:3      | Reached XP level 6. HP: 14/52 MP: 5/5
  2236 | D:3      | Frozen to death by an endoplasm

Illustrated notes

Levels and vault maps discovered:
D:1:      arrival_zaba_pyramid, layout_loops_ring,
          ebering_ecumenical_altar_sacrificial
D:2:      layout_loops_corners
D:3:      layout_basic, nicolae_overflow_ecumenical_swirl,
          grunt_temple_overflow_cloverleaf, minitemple, serial_shops,
          nicolae_shop_hallway_plus, uniq_grinder

Skill      XL: |  1  2  3  4 |
---------------+-------------+-----
Fighting       | 4 |  4.0
Armour         | 4 |  4.8
Axes           | 4 6 |  6.3
Shields        | 4 |  4.2
Dodging        | |  0.8

Action                   |  1- 3 |  4- 6 || total
-------------------------+-------+-------++-------
Melee: War axe           |    78 |    11 ||    89
       Headbutt          |     6 |     3 ||     9
  Use: Potion            |       |     1 ||     1
Armor: Scale mail        |    38 |       ||    38
       Plate armour      |    40 |     8 ||    48
Dodge: Dodged            |    57 |     4 ||    61
Block: Buckler           |    27 |     3 ||    30
